 Dungeon Crawl Stone Soup version 0.19.4-9-g45fd643 (console) character file.

477 lanroth the Chopper (level 7, -4/51 HPs)
             Began as a Human Gladiator on Feb 15, 2017.
             Was an Initiate of Dithmenos.
             Slain by an orc warrior
             ... wielding a +0 halberd
              (21 damage)
             ... on level 6 of the Dungeon.
             The game lasted 00:25:44 (3235 turns).

lanroth the Chopper (Human Gladiator)               Turns: 3235, Time: 00:25:45

Health: -4/51      AC: 12    Str: 16      XL:     7   Next: 33%
Magic:  7/7        EV:  8    Int: 11 (12) God:    Dithmenos [......]
Gold:   135        SH:  0    Dex: 15      Spells: 1 memorised, 5 levels left

rFire  . . .     SeeInvis .     y - +7 club
rCold  . . .     Gourm    .     E - +0 chain mail
rNeg   . . .     Faith    +     (no shield)
rPois  .         Spirit   .     c - +0 helmet
rElec  .         Reflect  .     (no cloak)
rCorr  .         Harm     .     x - +1 pair of gloves
MR     .....     Clarity  +     (no boots)
Stlth  ..........               p - amulet of faith
                                (no ring)
                                i - +4 ring of intelligence

@: no status effects
A: blink, clarity, deterioration 1
a: Blink, Renounce Religion


You were on level 6 of the Dungeon.
You worshipped Dithmenos.
Dithmenos was noncommittal.
You were not hungry.

You visited 1 branch of the dungeon, and saw 5 of its levels.

You collected 135 gold pieces.

Inventory:

Hand Weapons
 a - a +0 war axe
 h - a +0 hunting sling
 o - a +0 halberd
 r - a +0 hunting sling
 t - a cursed -1 mace
 y - a +7 club (weapon)
 B - a +0 hunting sling
 C - a +0 whip of venom
 K - a +0 quarterstaff
Missiles
 d - 2 throwing nets
 e - 28 bolts
 k - 142 stones (quivered)
 q - 49 arrows
 s - 20 poisoned needles
 v - 4 large rocks
Armour
 b - a +0 leather armour
 c - a +0 helmet (worn)
 j - a +0 hat of see invisible
 u - a +0 ring mail
 x - a +1 pair of gloves (worn)
 A - a +0 leather armour
 D - a +0 scale mail
 E - a +0 chain mail (worn)
 F - a +0 robe of fire resistance
 M - the +4 ring mail of Vehumet's Esteem {*Drain rF+ Dex+4, unknown}
   (You found it on level 6 of the Dungeon)

   It affects your dexterity (+4).
   It protects you from fire.
   It causes draining when unequipped.
Jewellery
 i - a +4 ring of intelligence (left hand)
 p - an amulet of faith (around neck)
Wands
 z - a wand of enslavement (17/24)
Scrolls
 l - a scroll of identify
 I - a scroll of fear
Potions
 m - a potion of curing
 n - a potion of flight
Books
 w - a Young Poisoner's Handbook

   Spells                             Type                      Level
   a - Sting                          Conjuration/Poison           1
   b - Mephitic Cloud                 Conjuration/Poison/Air       3
   c - Olgreb's Toxic Radiance        Poison                       4
   d - Alistair's Intoxication        Transmutation/Poison         5
   e - Venom Bolt                     Conjuration/Poison           5
 J - a book of Maledictions

   Spells                             Type                      Level
   a - Corona                         Hexes                        1
   b - Ensorcelled Hibernation        Hexes/Ice                    2
   c - Confuse                        Hexes                        3
   d - Tukima's Dance                 Hexes                        3
   e - Dazzling Spray                 Conjuration/Hexes            3
Comestibles
 f - a beef jerky
 g - 3 fruits
 G - a meat ration
 H - 2 bread rations
 L - a chunk of flesh


   Skills:
 + Level 2.8 Fighting
 + Level 5.0(5.2) Axes
 + Level 2.0(3.8) Maces & Flails
 + Level 2.3 Throwing
 + Level 3.3 Armour
 + Level 4.1 Dodging
 + Level 1.0 Stealth


You had 5 spell levels left.
You knew the following spells:

 Your Spells              Type           Power        Failure   Level  Hunger
a - Sting                 Conj/Pois      #...         100%        1    ##.....


Dungeon Overview and Level Annotations

Branches:
Dungeon (4/15)
 Temple: D:4-7

Altars:
Dithmenos
Okawaru
Trog
Vehumet


Innate Abilities, Weirdness & Mutations

You can translocate small distances at will.
You possess an exceptional clarity of mind.
Your body sometimes deteriorates upon taking damage.


Message History

You feel better.
The orc warrior hits you with a halberd!
You hit the orc warrior but do no damage.
The orc warrior is lightly wounded.
The orc warrior hits you with a halberd.
You closely miss the orc warrior.
The orc warrior is lightly wounded.
The orc warrior hits you but does no damage.
You hit the orc warrior but do no damage.
The orc warrior is lightly wounded.
The orc warrior completely misses you.
You hit the orc warrior.
The orc warrior is moderately wounded.
The orc warrior barely misses you.
You barely miss the orc warrior.
The orc warrior is moderately wounded.
You hit the orc warrior but do no damage.
The orc warrior is moderately wounded.
The orc warrior hits you with a halberd!!
You die...

##### #...# #..#.# #...# #..#.# .... ...#
#...# ##..#.# .........# #...# ......
.........# #...# #..#.# ........># #...#
#..#.# ........ ##...############
###########..#.#######..#####...............##
...........................'...............>#
#.o..###..#)####.......###...............##
#..(.# #..#o# #...#...# #...............#
#....###o.#@# #..#_#.####...............#
#...o.....#.# ##..#.....................#
#.........#.# #........................#
#....######.# ###..............<.......#
........ ..# #......................# ########
### #......................#
#......................#
########......................#
#.............................#
#.............................#
#..............###'#######'####
#.........###'## #.# #.# #.........# #..# #.#
#.# ########### ##.###.# #.# #..##.# #.#
#########.##.# #.# ...........#.# #.#
...........#.#######.#####.#
.............##............#
..........#..##.####.######
..........#.>##.#.#.........
############'##'#<..######## #..........#
#..........# #.........## #.........# .
###'####### .. #.# ... #.# .... #.# ..... #.#
.....o################ #.#
......'.o............# #.#
.o....##############)# #.# ....o #.# #.# ...o
#.# #.#


You could see an orc warrior.

Vanquished Creatures
  2 scorpions
  A hound (D:6)
  4 orc wizards
  Ijyb (D:2)
  An iguana (D:4)
  2 worker ants
  6 adders
  A gnoll (D:1)
  An ooze (D:2)
  2 worms
  3 leopard geckos
  6 orcs
  2 giant cockroaches
  7 hobgoblins
  2 jackals (D:3)
  7 kobolds
  A quokka (D:2)
  8 bats
  3 frilled lizards
  8 goblins
  8 rats
76 creatures vanquished.

Vanquished Creatures (others)
  An ooze (D:3)
1 creature vanquished.

Grand Total: 77 creatures vanquished

Notes
Turn   | Place    | Note
-------+----------+-------------------------------------------
     0 | D:1      | lanroth the Human Gladiator began the quest for the Orb.
     0 | D:1      | Reached XP level 1. HP: 16/16 MP: 1/1
   154 | D:1      | Reached XP level 2. HP: 19/22 MP: 2/2
   300 | D:1      | Reached XP level 3. HP: 27/27 MP: 3/3
   749 | D:2      | Learned a level 1 spell: Sting
   820 | D:2      | Noticed Ijyb
  1099 | D:3      | Reached XP level 4. HP: 31/33 MP: 4/4
  1136 | D:3      | Found a radiant altar of Vehumet.
  1188 | D:3      | Gained mutation: You can translocate small distances at will. [potion of mutation]
  1188 | D:3      | Gained mutation: You possess an exceptional clarity of mind. [potion of mutation]
  1188 | D:3      | Gained mutation: Your body sometimes deteriorates upon taking damage. [potion of mutation]
  1295 | D:2      | Reached skill level 1 in Armour
  1618 | D:2      | Killed Ijyb
  1618 | D:2      | Reached skill level 4 in Axes
  1618 | D:2      | Reached XP level 5. HP: 30/39 MP: 5/5
  2033 | D:3      | Found a shadowy altar of Dithmenos.
  2036 | D:3      | Became a worshipper of Dithmenos the Shadowed
  2311 | D:4      | Reached XP level 6. HP: 24/46 MP: 6/6
  2379 | D:4      | Reached skill level 1 in Maces & Flails
  2880 | D:4      | Found a bloodstained altar of Trog.
  2943 | D:4      | You fall through a shaft for 2 floors!
  2991 | D:6      | Reached skill level 1 in Stealth
  3061 | D:6      | Reached skill level 5 in Axes
  3061 | D:6      | Reached XP level 7. HP: 45/51 MP: 7/7
  3077 | D:6      | Got a steaming ring mail
  3079 | D:6      | Found an iron altar of Okawaru.
  3235 | D:6      | Slain by an orc warrior

Skill      XL: |  1  2  3  4  5  6  7 |
---------------+----------------------+-----
Armour         | 1 2 3 |  3.3
Axes           | 4 5 |  5.0
Maces & Flails | 1 2 |  2.0
Dodging        | 4 |  4.1
Stealth        | 1 |  1.0
Fighting       | |  2.8
Throwing       | |  2.3

Action                   |  1- 3 |  4- 6 |  7- 9 || total
-------------------------+-------+-------+-------++-------
Melee: War axe           |   101 |    78 |       ||   179
       Club              |       |    98 |    42 ||   140
Throw: Throwing net      |     2 |       |       ||     2
       Stone             |       |     5 |       ||     5
  Use: Potion            |     3 |     4 |     3 ||    10
       Scroll            |     2 |     8 |       ||    10
 Stab: Sleeping          |     1 |       |       ||     1
  Eat: Bread ration      |     1 |       |       ||     1
       Chunk             |       |     1 |     1 ||     2
       Pizza             |       |     1 |       ||     1
Armor: Leather armour    |    59 |    10 |       ||    69
       Ring mail         |       |    22 |       ||    22
       Chain mail        |       |    47 |    20 ||    67
Dodge: Dodged            |   125 |    76 |    17 ||   218
